 Dungeon Crawl Stone Soup version 0.20.1-1-g8b1a95d (webtiles) character file.

149 Reeggar the Skirmisher (level 5, 0/41 HPs)
             Began as a Demonspawn Wanderer on Oct 12, 2017.
             Succumbed to an orc's poison
             ... on level 3 of the Dungeon.
             The game lasted 00:19:04 (3162 turns).

Reeggar the Skirmisher (Demonspawn Wanderer)        Turns: 3162, Time: 00:19:05

Health: 0/41       AC: 17    Str: 13    XL:     5   Next: 9%
Magic:  6/6        EV:  6    Int: 16    God:
Gold:   108        SH:  7    Dex: 15    Spells: 6/6 levels left

rFire    + . .     SeeInvis .   p - +1 dagger (venom)
rCold    + . .     Gourm    .   m - +0 shield
rNeg     . . .     Faith    .   a - +2 scale mail
rPois    .         Spirit   .   o - +2 hat
rElec    .         Reflect  .   j - scarf {rC+ rF+}
rCorr    .         Harm     .   (no gloves)
MR       .....                  e - +0 pair of boots
Stlth    ..........             (no amulet)
Regen    0.2/turn               (no ring)
MPRegen  0.1/turn               (no ring)

@: mighty, lethally poisoned (0 -> -12), sanguine armour, very slightly
contaminated, invisible
A: antennae 1, sanguine armour 1
a: no special abilities


You were on level 3 of the Dungeon.
You were very full.

You visited 1 branch of the dungeon, and saw 3 of its levels.

You collected 108 gold pieces.

Inventory:

Hand Weapons
 c - a +0 hand crossbow
 p - a +1 dagger of venom (weapon)
Missiles
 q - 10 bolts (quivered)
Armour
 a - a +2 scale mail (worn)
 e - a +0 pair of boots (worn)
 j - a scarf of resistance (worn)
 m - a +0 shield (worn)
 o - a +2 hat (worn)
Scrolls
 d - 2 scrolls of recharging {unknown}
 l - 2 scrolls of remove curse
 s - a scroll of noise {unknown}
 t - a scroll of fear {unknown}
Potions
 b - a potion of lignification
 h - a potion of magic
 r - a potion of agility
Comestibles
 f - 2 bread rations
 i - 2 chunks of flesh
 n - 2 meat rations


   Skills:
 + Level 3.5 Fighting
 * Level 1.5 Short Blades
   Level 1.0 Axes
 * Level 3.0 Crossbows
 - Level 1.0 Throwing
 + Level 2.4 Armour
 + Level 1.0 Dodging
 + Level 0.2 Stealth
 + Level 1.1 Shields
 * Level 1.0 Spellcasting


You had 6 spell levels left.
You didn't know any spells.

Dungeon Overview and Level Annotations

Branches:
Dungeon (3/15)

Altars:


Innate Abilities, Weirdness & Mutations

You have a pair of small antennae on your head.
When seriously injured, your bleeding wounds create armour. (AC +6)


Message History

The hobgoblin hits you but does no damage.
The crimson imp hits you but does no damage.
You fade into invisibility!
* * * LOW HITPOINT WARNING * * *
You feel sick. You block the adder's attack. You block the kobold's attack.
The orc hits you but does no damage. The worm closely misses you.
The adder barely misses you. The hobgoblin barely misses you.
The crimson imp hits you but does no damage.
You are very lightly contaminated with residual magic.
You aren't quite hungry enough to eat that!
You eat one of the 3 meat rations.
That meat ration really hit the spot!
* * * LOW HITPOINT WARNING * * *
You feel sick. The kobold hits you but does no damage.
You block the adder's attack. You block the orc's attack.
The crimson imp hits you but does no damage.
* * * LOW HITPOINT WARNING * * *
You feel sick. The orc hits you but does no damage.
The worm bites you but does no damage. The crimson imp barely misses you.
The hobgoblin closely misses you.
You die...

######## ##..K...##
##.5......## #@.gS?†...(#
#.owr.(....# #..(.......#
#..........# #(.........#
##........##
##########.........##
####...................#
##....########..........#


You could see a worm, a crimson imp, an adder, an orc, a hobgoblin, a kobold and
a rat.

Vanquished Creatures
  Terence (D:3)
  4 adders
  2 dart slugs
  2 leopard geckos
  4 orcs (D:3)
  7 bats
  3 giant cockroaches (D:1)
  7 goblins
  11 hobgoblins
  3 jackals (D:2)
  10 kobolds
  A quokka (D:2)
  6 frilled lizards
  A quokka zombie (D:3)
  10 rats
72 creatures vanquished.

Notes
Turn   | Place    | Note
-------+----------+-------------------------------------------
     0 | D:1      | Reeggar the Demonspawn Wanderer began the quest for the Orb.
     0 | D:1      | Reeggar set off with: a +2 scale mail, a potion of lignification, a +0 hand crossbow, 26 bolts, a bread ration
     0 | D:1      | Reached XP level 1. HP: 18/18 MP: 1/1
   286 | D:1      | Gained mutation: You have a pair of small antennae on your head. [demonic ancestry]
   286 | D:1      | Reached XP level 2. HP: 24/24 MP: 2/2
  1309 | D:1      | Reached XP level 3. HP: 29/29 MP: 3/3
  2332 | D:2      | Reached skill level 1 in Short Blades
  2332 | D:2      | Reached XP level 4. HP: 33/35 MP: 4/4
  2903 | D:3      | Noticed Terence
  2919 | D:3      | Killed Terence
  2919 | D:3      | Reached skill level 1 in Spellcasting
  3146 | D:3      | Gained mutation: When seriously injured, your bleeding wounds create armour. (AC +6) [demonic ancestry]
  3146 | D:3      | Reached XP level 5. HP: 38/41 MP: 6/6
  3153 | D:3      | Reached skill level 1 in Dodging
  3161 | D:3      | HP: 1/41 [poisoned by an orc]
  3162 | D:3      | Succumbed to an orc's poison

Skill      XL: |  1  2  3  4  5 |
---------------+----------------+-----
Crossbows      | 2 3 |  3.0
Armour         | 2 |  2.4
Short Blades   | 1 |  1.5
Spellcasting   | 1 |  1.0
Dodging        | 1 |  1.0
Fighting       | |  3.5
Axes           | |  1.0
Throwing       | |  1.0
Stealth        | |  0.2
Shields        | |  1.1

Action                   |  1- 3 |  4- 6 || total
-------------------------+-------+-------++-------
Melee: Dagger            |    50 |    73 ||   123
 Fire: Hand crossbow     |    94 |    10 ||   104
  Use: Scroll            |     5 |     3 ||     8
       Potion            |       |     2 ||     2
  Eat: Chunk             |     4 |     1 ||     5
       Bread ration      |       |     1 ||     1
       Meat ration       |       |     1 ||     1
Armor: Scale mail        |    93 |   152 ||   245
Dodge: Dodged            |    43 |    52 ||    95
Block: Shield            |    27 |    84 ||   111
